EL
AKRON RUBBERDUCKS @ CHATTANOOGA LOOKOUTS
07/27/2048
 
TOP OF THE 1ST
Akron RubberDucks batting - Pitching for Chattanooga Lookouts : LHP David Gordon
Pitching: LHP David Gordon
Batting: RHB Solange Le Coq 0-0: Swinging Strike
0-1: Ball
1-1: Swinging Strike
1-2: Ball
2-2: Strikes out looking
Batting: RHB Justin Lauderdale 0-0: Ball
1-0: SINGLE (Flyball, 34D, EV 93.8 MPH)
Batting: SHB Valentin Laporte 0-0: Ball
1-0: Called Strike
Justin Lauderdale steals 2nd base
1-1: Ball
2-1: Foul Ball, location: 2F
2-2: Ball
3-2: Foul Ball, location: 2F
3-2: Foul Ball, location: 2F
3-2: Foul Ball, location: 2F
3-2: Foul Ball, location: 2F
3-2: Foul Ball, location: 2F
3-2: Base on Balls
Batting: RHB Carlos Abrego 0-0: Ball
1-0: Ball
2-0: Swinging Strike
2-1: Called Strike
2-2: Strikes out swinging
Batting: RHB Tristan Wright 0-0: Called Strike
0-1: Ball
1-1: Ball
2-1: Foul Ball, location: 2F
2-2: Ball
3-2: Base on Balls
Justin Lauderdale to third
Valentin Laporte to second
Batting: LHB Esteban Cordova 0-0: Swinging Strike
0-1: Foul Ball, location: 2F
0-2: Ball
1-2: Ball
2-2: Foul Ball, location: 2F
2-2: Ball
3-2: Fly out, F9 (Flyball, 89D, EV 108.8 MPH)
Top of the 1st over - 0 runs, 1 hit, 0 errors, 3 left on base; Akron 0 - Chattanooga 0
BOTTOM OF THE 1ST
Chattanooga Lookouts batting - Pitching for Akron RubberDucks : RHP Ferdi Schipper
Pitching: RHP Ferdi Schipper
Batting: SHB Matt Urbani 0-0: Ball
1-0: Ball
2-0: Ground out 4-3 (Groundball, 34, EV 83.8 MPH)
Batting: RHB John Dew 0-0: Ball
1-0: Foul Ball, location: 2F
1-1: Ball
2-1: Ball
3-1: Called Strike
3-2: Strikes out swinging
Batting: LHB Marshall Daul 0-0: Ball
1-0: Called Strike
1-1: Ball
2-1: Ball
3-1: Foul Ball, location: 2F
3-2: Foul Ball, location: 2F
3-2: Foul Ball, location: 2F
3-2: Strikes out swinging
Bottom of the 1st over - 0 runs, 0 hits, 0 errors, 0 left on base; Akron 0 - Chattanooga 0
TOP OF THE 2ND
Akron RubberDucks batting - Pitching for Chattanooga Lookouts : LHP David Gordon
Batting: RHB Chris Folse 0-0: Called Strike
0-1: Ball
1-1: Ball
2-1: Swinging Strike
2-2: Foul Ball, location: 2F
2-2: SINGLE (Groundball, 56D, EV 103.1 MPH)
Batting: SHB Edwin Dominguez 0-0: Called Strike
0-1: Ball
1-1: Ball
2-1: Ball
3-1: Base on Balls
Chris Folse to second
Batting: SHB Javon Mitchell 0-0: Called Strike
0-1: TRIPLE (Flyball, 9D, EV 98.1 MPH)
Chris Folse scores
Edwin Dominguez scores
Batting: RHB Solange Le Coq 0-0: Ball
1-0: Ball
2-0: Ground out 4-3 (Groundball, 4MD, EV 90.6 MPH)
Javon Mitchell scores
Batting: RHB Justin Lauderdale 0-0: Called Strike
0-1: Ball
1-1: Foul Ball, location: 2F
1-2: Strikes out looking
Batting: SHB Valentin Laporte 0-0: Ball
1-0: Fly out, F8 (Flyball, 8RM, EV 91.9 MPH)
Top of the 2nd over - 3 runs, 2 hits, 0 errors, 0 left on base; Akron 3 - Chattanooga 0
BOTTOM OF THE 2ND
Chattanooga Lookouts batting - Pitching for Akron RubberDucks : RHP Ferdi Schipper
Batting: RHB Leo Gonzalez 0-0: Reached on error, E5 (Groundball, 56, EV 95.6 MPH)
Batting: LHB Jon Ventura 0-0: Ball
1-0: Called Strike
1-1: Ball
2-1: Foul Ball, location: 2F
2-2: DOUBLE (Flyball, 8LXD, EV 113.1 MPH)
Leo Gonzalez to third
Batting: LHB David Campbell 0-0: Swinging Strike
0-1: Ball
1-1: Ball
2-1: Fly out, F9 (Flyball, 9S, EV 90.0 MPH)
Batting: RHB Graham Calvert 0-0: Ground out 4-3 (Groundball, 4M, EV 105.0 MPH)
Leo Gonzalez scores
Jon Ventura to third
Batting: RHB David Nardone 0-0: Called Strike
0-1: Ground out 6-3 (Groundball, 6, EV 84.4 MPH)
Bottom of the 2nd over - 1 run, 1 hit, 1 error, 1 left on base; Akron 3 - Chattanooga 1
TOP OF THE 3RD
Akron RubberDucks batting - Pitching for Chattanooga Lookouts : LHP David Gordon
Batting: RHB Carlos Abrego 0-0: Foul Ball, location: 2F
0-1: Ground out 5-3 (Groundball, 56S, EV 71.9 MPH)
Batting: RHB Tristan Wright 0-0: Swinging Strike
0-1: Swinging Strike
0-2: Ball
1-2: SINGLE (Line Drive, 89S, EV 91.2 MPH)
Batting: LHB Esteban Cordova 0-0: Swinging Strike
0-1: Swinging Strike
0-2: Strikes out swinging
Batting: RHB Chris Folse 0-0: SINGLE (Line Drive, 56D, EV 101.9 MPH)
Tristan Wright to second
Batting: SHB Edwin Dominguez 0-0: Ball
1-0: Foul Ball, location: 2F
1-1: SINGLE (Line Drive, 4D, EV 96.9 MPH)
Tristan Wright to third
Chris Folse to second
Runner from 3rd tries for Home, throw by RF and OUT! 9-2
Top of the 3rd over - 0 runs, 3 hits, 0 errors, 2 left on base; Akron 3 - Chattanooga 1
BOTTOM OF THE 3RD
Chattanooga Lookouts batting - Pitching for Akron RubberDucks : RHP Ferdi Schipper
Batting: RHB Jose Gracia 0-0: Ball
1-0: Ground out 5-3 (Groundball, 56, EV 75.6 MPH)
Batting: SHB Matt Urbani 0-0: Called Strike
0-1: Foul Ball, location: 2F
0-2: Ball
1-2: Ball
2-2: Foul Ball, location: 2F
2-2: Strikes out swinging
Batting: RHB John Dew 0-0: Ball
1-0: Ball
2-0: Foul Ball, location: 2F
2-1: Fly out, F7 (Line Drive, 7S, EV 103.1 MPH)
Bottom of the 3rd over - 0 runs, 0 hits, 0 errors, 0 left on base; Akron 3 - Chattanooga 1
TOP OF THE 4TH
Akron RubberDucks batting - Pitching for Chattanooga Lookouts : LHP David Gordon
Batting: SHB Javon Mitchell 0-0: Ball
1-0: Called Strike
1-1: Swinging Strike
1-2: Ball
2-2: Foul Ball, location: 2F
2-2: Strikes out swinging
Batting: RHB Solange Le Coq 0-0: Ball
1-0: Called Strike
1-1: Called Strike
1-2: Ball
2-2: Foul Ball, location: 2F
2-2: SINGLE (Groundball, 6, EV 100.0 MPH)
Batting: RHB Justin Lauderdale 0-0: Ball
1-0: Ball
2-0: Ball
3-0: Base on Balls
Solange Le Coq to second
Batting: SHB Valentin Laporte 0-0: Called Strike
0-1: Ball
1-1: Reached on error, E6 (Groundball, 56, EV 105.6 MPH)
Solange Le Coq to third
Justin Lauderdale to second
Batting: RHB Carlos Abrego 0-0: Ball
1-0: Ball
2-0: Called Strike
2-1: Ball
3-1: Fly out, F4 (Popup, 4MD, EV 49.4 MPH)
Pitching: RHP John Morrison
Batting: RHB Tristan Wright 0-0: Called Strike
0-1: Ball
1-1: Ball
2-1: Called Strike
2-2: Ball
3-2: Strikes out swinging
Top of the 4th over - 0 runs, 1 hit, 1 error, 3 left on base; Akron 3 - Chattanooga 1
BOTTOM OF THE 4TH
Chattanooga Lookouts batting - Pitching for Akron RubberDucks : RHP Ferdi Schipper
Batting: LHB Marshall Daul 0-0: Ground out 2-3 (Groundball, 13S, EV 73.8 MPH)
Batting: RHB Leo Gonzalez 0-0: Called Strike
0-1: Ball
1-1: Ball
2-1: Foul Ball, location: 2F
2-2: Foul Ball, location: 2F
2-2: Ball
3-2: Strikes out looking
Batting: LHB Jon Ventura 0-0: Ball
1-0: Ball
2-0: Ball
3-0: Foul Ball, location: 2F
3-1: Ground out 5-3 (Groundball, 56, EV 106.9 MPH)
Bottom of the 4th over - 0 runs, 0 hits, 0 errors, 0 left on base; Akron 3 - Chattanooga 1
TOP OF THE 5TH
Akron RubberDucks batting - Pitching for Chattanooga Lookouts : RHP John Morrison
Batting: LHB Esteban Cordova 0-0: Called Strike
0-1: Ball
1-1: Called Strike
1-2: Ball
2-2: Strikes out swinging
Batting: RHB Chris Folse 0-0: Fly out, F8 (Flyball, 8LXD, EV 91.9 MPH)
Batting: SHB Edwin Dominguez 0-0: SINGLE (Line Drive, 7LS, EV 113.1 MPH)
Batting: SHB Javon Mitchell 0-0: Ball
1-0: Ball
2-0: Ball
3-0: Called Strike
3-1: Called Strike
3-2: Strikes out swinging
Top of the 5th over - 0 runs, 1 hit, 0 errors, 1 left on base; Akron 3 - Chattanooga 1
BOTTOM OF THE 5TH
Chattanooga Lookouts batting - Pitching for Akron RubberDucks : RHP Ferdi Schipper
Batting: LHB David Campbell 0-0: Foul Ball, location: 2F
0-1: Foul Ball, location: 2F
0-2: Strikes out swinging
Batting: RHB Graham Calvert 0-0: Ball
1-0: Called Strike
1-1: Ball
2-1: Ball
3-1: Fly out, F8 (Flyball, 89D, EV 86.2 MPH)
Batting: RHB David Nardone 0-0: Called Strike
0-1: Ball
1-1: Fly out, F7 (Line Drive, 78M, EV 83.8 MPH)
Bottom of the 5th over - 0 runs, 0 hits, 0 errors, 0 left on base; Akron 3 - Chattanooga 1
TOP OF THE 6TH
Akron RubberDucks batting - Pitching for Chattanooga Lookouts : RHP John Morrison
Batting: RHB Solange Le Coq 0-0: Called Strike
0-1: Ball
1-1: Ball
2-1: Swinging Strike
2-2: Strikes out swinging
Batting: RHB Justin Lauderdale 0-0: Called Strike
0-1: Swinging Strike
0-2: Ball
1-2: Foul Ball, location: 2F
1-2: Ball
2-2: Ball
3-2: Fly out, F7 (Flyball, 7, EV 80.6 MPH)
Batting: SHB Valentin Laporte 0-0: Ball
1-0: Ball
2-0: Called Strike
2-1: Ball
3-1: Foul Ball, location: 2F
3-2: Foul Ball, location: 2F
3-2: DOUBLE (Line Drive, 78D, EV 99.4 MPH)
Batting: RHB Carlos Abrego 0-0: Ball
1-0: Called Strike
1-1: Foul Ball, location: 2F
1-2: Ball
2-2: Ground out 5-3 (Groundball, 5, EV 104.4 MPH)
Top of the 6th over - 0 runs, 1 hit, 0 errors, 1 left on base; Akron 3 - Chattanooga 1
BOTTOM OF THE 6TH
Chattanooga Lookouts batting - Pitching for Akron RubberDucks : RHP Ferdi Schipper
Batting: RHB Jose Gracia 0-0: Ball
1-0: Ground out 5-3 (Groundball, 56, EV 89.4 MPH)
Batting: SHB Matt Urbani 0-0: Ground out 4-3 (Groundball, 34, EV 89.4 MPH)
Batting: RHB John Dew 0-0: Called Strike
0-1: Called Strike
0-2: Fly out, F8 (Line Drive, 78D, EV 90.0 MPH)
Bottom of the 6th over - 0 runs, 0 hits, 0 errors, 0 left on base; Akron 3 - Chattanooga 1
TOP OF THE 7TH
Akron RubberDucks batting - Pitching for Chattanooga Lookouts : RHP John Morrison
Pitching: RHP Jose Marrero
Batting: RHB Tristan Wright 0-0: Called Strike
0-1: Ball
1-1: Ball
2-1: Foul Ball, location: 2F
2-2: Strikes out swinging
Batting: LHB Esteban Cordova 0-0: Called Strike
0-1: Swinging Strike
0-2: Foul Ball, location: 2F
0-2: Strikes out swinging
Batting: RHB Chris Folse 0-0: Ball
1-0: Ground out U3 (Groundball, 34, EV 90.0 MPH)
Top of the 7th over - 0 runs, 0 hits, 0 errors, 0 left on base; Akron 3 - Chattanooga 1
BOTTOM OF THE 7TH
Chattanooga Lookouts batting - Pitching for Akron RubberDucks : RHP Ferdi Schipper
Now at 1B: Willie Gonzales
Batting: LHB Marshall Daul 0-0: Fly out, F7 (Flyball, 7, EV 77.5 MPH)
Batting: RHB Leo Gonzalez 0-0: Ball
1-0: Called Strike
1-1: Ball
2-1: Fly out, F4 (Popup, 34S, EV 71.2 MPH)
Batting: LHB Jon Ventura 0-0: Ball
1-0: Called Strike
1-1: Ball
2-1: Ground out 6-3 (Groundball, 6, EV 92.5 MPH)
Bottom of the 7th over - 0 runs, 0 hits, 0 errors, 0 left on base; Akron 3 - Chattanooga 1
TOP OF THE 8TH
Akron RubberDucks batting - Pitching for Chattanooga Lookouts : RHP Jose Marrero
Batting: SHB Edwin Dominguez 0-0: SINGLE (Groundball, 34D, EV 110.0 MPH) (infield hit)
Batting: SHB Javon Mitchell 0-0: Sac Bunt to 25 - play at first, batter safe!
Edwin Dominguez to second
Batting: RHB Solange Le Coq 0-0: Called Strike
0-1: Bunted foul
0-2: Ball
1-2: Ball
2-2: Fly out, F8 (Flyball, 8LS, EV 91.2 MPH)
Batting: RHB Justin Lauderdale 0-0: Foul Ball, location: 2F
0-1: Called Strike
0-2: Ball
1-2: Ball
2-2: Foul Ball, location: 2F
2-2: Grounds into double play, 6-4-3 (Groundball, 6M, EV 93.1 MPH)
Top of the 8th over - 0 runs, 2 hits, 0 errors, 1 left on base; Akron 3 - Chattanooga 1
BOTTOM OF THE 8TH
Chattanooga Lookouts batting - Pitching for Akron RubberDucks : RHP Ferdi Schipper
Batting: LHB David Campbell 0-0: Ball
1-0: Ball
2-0: Ball
3-0: Called Strike
3-1: Swinging Strike
3-2: Foul Ball, location: 2F
3-2: Foul Ball, location: 2F
3-2: Base on Balls
Batting: RHB Graham Calvert 0-0: Called Strike
0-1: Foul Ball, location: 2F
0-2: Fly out, F7 (Flyball, 78D, EV 86.2 MPH)
Pinch Hitting: LHB Israel Montoya 0-0: Swinging Strike
0-1: Foul Ball, location: 2F
0-2: Strikes out swinging
Batting: RHB Jose Gracia 0-0: Called Strike
0-1: Called Strike
0-2: Ball
1-2: Strikes out swinging
Bottom of the 8th over - 0 runs, 0 hits, 0 errors, 1 left on base; Akron 3 - Chattanooga 1
TOP OF THE 9TH
Akron RubberDucks batting - Pitching for Chattanooga Lookouts : RHP Jose Marrero
Now in LF: Jon Ventura
Now in CF: Israel Montoya
Batting: RHB Willie Gonzales 0-0: Called Strike
0-1: Foul Ball, location: 2F
0-2: Strikes out swinging
Batting: RHB Carlos Abrego 0-0: Called Strike
0-1: Foul Ball, location: 2F
0-2: Ball
1-2: SINGLE (Groundball, 56D, EV 102.5 MPH)
Batting: RHB Tristan Wright 0-0: Called Strike
0-1: Called Strike
Carlos Abrego steals 2nd base
0-2: Ball
1-2: Ball
2-2: SINGLE (Groundball, 34D, EV 111.2 MPH)
Carlos Abrego to third
Runner from 3rd tries for Home, SAFE, throw by RF to home
Batting: LHB Esteban Cordova 0-0: Called Strike
Tristan Wright steals 2nd base
0-1: Ball
1-1: Intentional Walk
Batting: RHB Chris Folse 0-0: Foul Ball, location: 2F
0-1: Ball
1-1: Swinging Strike
1-2: Strikes out looking
Batting: SHB Edwin Dominguez 0-0: Foul Ball, location: 2F
0-1: Ball
1-1: Foul Ball, location: 2F
1-2: Fly out, F3 (Popup, 3L, EV 68.8 MPH)
Top of the 9th over - 1 run, 2 hits, 0 errors, 2 left on base; Akron 4 - Chattanooga 1
BOTTOM OF THE 9TH
Chattanooga Lookouts batting - Pitching for Akron RubberDucks : RHP Ferdi Schipper
Pitching: RHP Juan Flores
Batting: SHB Matt Urbani 0-0: Ball
1-0: Swinging Strike
1-1: Foul Ball, location: 2F
1-2: Ball
2-2: Ball
3-2: Ground out 4-3 (Groundball, 4, EV 91.9 MPH)
Batting: RHB John Dew 0-0: Called Strike
0-1: Ball
1-1: Swinging Strike
1-2: SINGLE (Flyball, 4MD, EV 87.5 MPH)
Batting: LHB Marshall Daul 0-0: Called Strike
0-1: Ball
1-1: Foul Ball, location: 2F
1-2: Fly out, F6 (Popup, 6, EV 81.9 MPH)
Batting: RHB Leo Gonzalez 0-0: Ball
1-0: Called Strike
1-1: Ball
2-1: Called Strike
2-2: Strikes out swinging
Bottom of the 9th over - 0 runs, 1 hit, 0 errors, 1 left on base; Akron 4 - Chattanooga 1
Tuesday, March 28th , 2023 - OOTP Baseball 23.10 Build 110